 Dungeon Crawl Stone Soup version 0.18.1-8-gdd0e5ea (webtiles) character file.

3217 rockintein the Cleaver (level 9, -4/82 HPs)
             Began as a Minotaur Berserker on June 9, 2016.
             Was an Elder of Trog.
             Killed from afar by an electric eel (8 damage)
             ... with a bolt of electricity
             ... on level 7 of the Dungeon.
             The game lasted 00:13:24 (6343 turns).

rockintein the Cleaver (Minotaur Berserker)         Turns: 6343, Time: 00:13:25

Health: -4/82      AC: 20    Str: 25    XL:     9   Next: 65%
Magic:  8/8        EV:  9    Int:  4    God:    Trog [****..]
Gold:   626        SH:  2    Dex: 10    Spells: 0 memorised, 8 levels left

rFire  + + .     SeeInvis .     v - +5 war axe (freeze)
rCold  + . .     Gourm    .     x - +4 chain mail "Memula Cies" {rF++}
rNeg   . . .     Faith    .     (no shield)
rPois  .         Spirit   .     (helmet restricted)
rElec  .         Dismiss  .     (no cloak)
rCorr  .         Reflect  +     k - +0 pair of gloves
SustAt .         Harm     .     p - +2 pair of boots
MR     +....                    C - +2 amulet of reflection
Stlth  ..........               K - ring of protection from cold
                                y - ring of protection from magic

@: somewhat resistant to hostile enchantments, extremely unstealthy
A: retaliatory headbutt, horns 2
a: Berserk, Trog's Hand, Brothers in Arms, Burn Spellbooks, Renounce Religion


You were on level 7 of the Dungeon.
You worshipped Trog.
Trog was greatly pleased with you.
You were hungry.

You visited 1 branch of the dungeon, and saw 7 of its levels.
You also visited: Ossuary.

You collected 626 gold pieces.

Inventory:

Hand Weapons
 v - a +5 war axe of freezing (weapon)
Armour
 k - a +0 pair of gloves (worn)
 p - a +2 pair of boots (worn)
 x - the +4 chain mail "Memula Cies" (worn) {rF++}
   (You found it on level 5 of the Dungeon)

   It greatly protects you from fire.
Jewellery
 h - an uncursed ring of protection from magic
 m - an uncursed amulet of the gourmand
 q - an uncursed amulet of regeneration
 y - a ring of protection from magic (left hand)
 C - a +2 amulet of reflection (around neck)
 K - a ring of protection from cold (right hand)
Wands
 I - a wand of disintegration (0/24)
Scrolls
 a - 3 scrolls of teleportation
 b - a scroll of fear
 f - 4 scrolls of recharging
 j - 6 scrolls of remove curse
 o - 2 scrolls of enchant armour
Potions
 d - 3 potions of brilliance
 e - 5 potions of heal wounds
 i - a potion of magic
 s - 2 potions of agility
 w - a potion of flight
 z - 3 potions of curing
 A - a potion of might
Comestibles
 c - 7 bread rations
 g - 3 meat rations
 l - 2 beef jerkies
 n - a slice of pizza
 r - 7 fruits
 F - a royal jelly


   Skills:
 + Level 8.3 Fighting
 * Level 13.4 Axes
 + Level 9.8 Armour
 - Level 2.1 Dodging
   Level 6.3 Shields


You had 8 spell levels left.
You didn't know any spells.

Dungeon Overview and Level Annotations

Branches:
Dungeon (7/15)             Temple (0/1) D:6

Altars:
Cheibriados
Dithmenos
Kikubaaqudgha
Qazlal
Trog
Xom
Zin
The Shining One

Shops:
D:4 ?


Innate Abilities, Weirdness & Mutations

You reflexively headbutt those who attack you in melee.
You have a pair of horns on your head.


Message History

The bolt of electricity hits the electric eel.
The electric eel completely resists.
The bolt of electricity hits the plant.
The bolt of electricity hits you!
You continue eating.
The electric eel shoots out a bolt of lightning at you!
The bolt of electricity hits you!
The electric eel shoots out a bolt of lightning at you!
The bolt of electricity hits the plant.
The bolt of electricity hits you!
* * * LOW HITPOINT WARNING * * *
The bolt of electricity hits you!
* * * LOW HITPOINT WARNING * * *
The electric eel shoots out a bolt of lightning at you!
The bolt of electricity hits the plant.
The bolt of electricity hits you!
* * * LOW HITPOINT WARNING * * *
The electric eel shoots out a bolt of lightning at you!
The bolt of electricity hits you!
* * * LOW HITPOINT WARNING * * *
The electric eel shoots out a bolt of lightning at you!
The bolt of electricity hits you!
You die...

≈P♣≈≈≈≈≈≈≈≈≈≈≈≈≈≈P♣≈≈♣♣
≈♣ ≈≈;P;≈≈≈≈;≈≈≈P≈P≈≈P ♣#
≈≈♣ ≈≈≈≈≈≈≈≈≈≈≈≈≈♣≈≈♣ ##.
≈≈♣ ≈≈≈P;≈≈≈≈≈♣≈♣P ##(.
#.≈ ♣≈≈≈♣≈♣P♣P≈≈♣♣###)..
.. #%≈≈≈♣♣♣≈♣.....(()..
#. #..####......)......
##.####.####<......##..#.
#.......@..........###...
#..>....####.......)###..
#..........###...........
####.#####.# ######.##...
#.# ###.# #..#.##
#.##.[.....## ##....#
###.#.........# ##...#
#...#..#####..# #..#.#
#......#A..#..#####.##..


You could see 2 electric eels.

Vanquished Creatures
  The ghost of Arantyr the Covered, an amateur GrFi (D:4)
  An orc warrior (D:7)
  An ice beast (D:5)
  A black bear (D:6)
  A sky beast (D:7)
  A necrophage (D:7)
  A phantom (D:5)
  An ogre (D:7)
  A centaur (D:5)
  A big kobold (D:7)
  2 scorpions
  A water moccasin skeleton (D:4)
  3 wights (D:7)
  7 killer bees (D:7)
  2 electric eels (D:7)
  A giant frog zombie (D:5)
  2 crimson imps
  2 giant frog skeletons (D:5)
  A hound (D:5)
  A jelly (D:5)
  2 orc wizards
  A centaur skeleton (D:5)
  An iguana (D:5)
  5 orc priests (D:7)
  2 worker ants (D:6)
  A killer bee zombie (D:6)
  A big kobold zombie (Ossuary)
  8 mummies (Ossuary)
  A howler monkey zombie (D:7)
  10 adders
  5 gnolls
  An ooze (D:1)
  2 adder skeletons (D:5)
  A worm (D:3)
  2 dart slugs
  10 giant geckos
  12 orcs
  4 giant cockroaches
  A gnoll zombie (Ossuary)
  10 goblins
  9 hobgoblins
  10 jackals
  A quokka (D:2)
  A ball python (D:1)
  7 bats
  A giant gecko skeleton (D:4)
  4 giant newts
  3 hobgoblin zombies (Ossuary)
  11 kobolds
  2 kobold zombies (Ossuary)
  An orc zombie (Ossuary)
  5 rats
167 creatures vanquished.

Vanquished Creatures (others)
  A ball python (D:7)
  2 plants (D:7)
3 creatures vanquished.

Grand Total: 170 creatures vanquished

Notes
Turn   | Place    | Note
--------------------------------------------------------------
     0 | D:1      | rockintein the Minotaur Berserker began the quest for the Orb.
     0 | D:1      | Reached XP level 1. HP: 19/19 MP: 0/0
    57 | D:1      | Reached skill level 4 in Axes
    57 | D:1      | Reached XP level 2. HP: 15/26 MP: 1/1
   246 | D:1      | Reached XP level 3. HP: 21/31 MP: 2/2
  1168 | D:2      | Reached skill level 5 in Axes
  1205 | D:2      | Reached ** piety under Trog
  1360 | D:2      | Found a stormy altar of Qazlal.
  1463 | D:2      | Reached XP level 4. HP: 31/39 MP: 3/3
  2140 | D:3      | Reached skill level 6 in Axes
  2218 | D:3      | Gained mutation: Armour fits poorly on your strangely shaped body. [potion of mutation]
  2218 | D:3      | Gained mutation: Your body sometimes deteriorates upon taking damage. [potion of mutation]
  2218 | D:3      | Gained mutation: Your flesh is cold resistant. [potion of mutation]
  2221 | D:3      | Lost mutation: Your body sometimes deteriorates upon taking damage. [potion of cure mutation]
  2221 | D:3      | Lost mutation: Your flesh is cold resistant. [potion of cure mutation]
  2221 | D:3      | Lost mutation: Armour fits poorly on your strangely shaped body. [potion of cure mutation]
  2316 | D:4      | Reached XP level 5. HP: 44/45 MP: 4/4
  2394 | D:4      | Reached skill level 7 in Axes
  2402 | D:4      | Noticed Arantyr's ghost (amateur GrFi)
  2403 | D:4      | HP: 2/45 [Arantyr's ghost (4)]
  2635 | D:4      | Killed Arantyr's ghost
  2635 | D:4      | Reached skill level 5 in Armour
  2635 | D:4      | Reached XP level 6. HP: 51/51 MP: 5/5
  2669 | D:4      | Found Isod's Magic Scroll Shop.
  2994 | D:4      | Found a shadowy altar of Dithmenos.
  3171 | D:5      | Entered Level 5 of the Dungeon
  3291 | D:5      | Found a glowing golden altar of the Shining One.
  3293 | D:5      | Noticed an ice beast
  3298 | D:5      | Reached skill level 8 in Axes
  3306 | D:5      | Killed an ice beast
  3306 | D:5      | Reached XP level 7. HP: 57/57 MP: 6/6
  3329 | D:5      | Reached *** piety under Trog
  3338 | D:5      | Found a sand-covered staircase.
  3371 | Ossuary  | Entered an ossuary
  3428 | Ossuary  | Reached skill level 9 in Axes
  3602 | Ossuary  | Reached skill level 12 in Axes
  3602 | Ossuary  | Reached XP level 8. HP: 73/73 MP: 7/7
  3818 | D:5      | Found an ancient bone altar of Kikubaaqudgha.
  3818 | D:5      | Found a bloodstained altar of Trog.
  3818 | D:5      | Found a shadowy altar of Dithmenos.
  3837 | D:5      | Got a steaming chain mail
  3848 | D:5      | Identified the +4 chain mail "Memula Cies" {rF++} (You found it on level 5 of the Dungeon)
  4269 | D:6      | Found a staircase to the Ecumenical Temple.
  4431 | D:6      | Found a snail-covered altar of Cheibriados.
  4619 | D:6      | Reached XP level 9. HP: 75/81 MP: 8/8
  4898 | D:7      | Reached skill level 13 in Axes
  5136 | D:7      | Reached **** piety under Trog
  5161 | D:7      | HP: 4/81 [poisoned by a killer bee]
  5168 | D:7      | HP: 4/81 [poisoned by a killer bee]
  5176 | D:7      | HP: 4/81 [poisoned by a killer bee]
  5906 | D:7      | Found a glowing silver altar of Zin.
  5914 | D:7      | Noticed an angel
  5921 | D:7      | Found a shimmering altar of Xom.
  6342 | D:7      | HP: 4/82 [electric eel/bolt of electricity (8)]
  6343 | D:7      | Killed from afar by an electric eel

Skill      XL: |  1  2  3  4  5  6  7  8  9 |
---------------+----------------------------+-----
Axes           | 4 5 6 7 8 12 13 | 13.4
Armour         | 3 4 5 9 |  9.8
Fighting       | 7 8 |  8.3
Shields        | 6 |  6.3
Dodging        | |  2.1

Action                   |  1- 3 |  4- 6 |  7- 9 || total
-------------------------+-------+-------+-------++-------
Melee: Hand axe          |    73 |    16 |       ||    89
       Headbutt          |     8 |    19 |    32 ||    59
       War axe           |       |    83 |   188 ||   271
Invok: Berserk           |       |     2 |       ||     2
       Trog's Hand       |       |       |     2 ||     2
  Use: Potion            |       |     9 |     3 ||    12
       Scroll            |       |     8 |     8 ||    16
  Eat: Chunk             |     2 |     7 |    10 ||    19
Armor: Animal skin       |    11 |    14 |       ||    25
       Chain mail        |       |    15 |   130 ||   145
Dodge: Dodged            |    50 |    59 |    74 ||   183
Block: Other             |       |       |     3 ||     3
